AoeStats
← Shimura

African Clearing

506380416Analyzed
4v4 RM · 20d ago on Sep 13, 2026· 48m 0s· 8 players
Game mode
Random Map
Map size
Large (8 player)
Population
200
Speed
Normal
Resources
Standard
Victory
Conquest
Starting age
Dark Age
Ending age
Imperial Age
RankedLock teamsTeams togetherTeam positionsShared explorationLock speedFull tech treeHidden civsTurbo modeCheats
Victory
Defeat
🇦🇺 Persians · Australia
910
+16
🇩🇪 Britons · Germany
883
+17
🇨🇳 Franks · China
871
+17
🇰🇷 Vikings · South Korea
857
+19
🇦🇺 Goths · Australia
934
-18
🇦🇺 Japanese · Australia
918
-18
🇦🇺 Burgundians · Australia
895
-17
🇦🇺 Shu · Australia
866
-21
jigsaw_07
13:34 Feudal Age
15:32 Loom
17:54 Padded Archer Armor
20:15 Wheelbarrow
23:05 Castle Age
21:51 Wheelbarrow
21:22 Fletching
23:48 Padded Archer Armor
23:57 Double-Bit Axe
23:55 Horse Collar
24:17 Crossbowman
29:22 Pikeman
33:28 Bow Saw
34:25 Yeomen
34:53 Bodkin Arrow
35:13 Leather Archer Armor
35:11 Forging
35:01 Scale Mail Armor
39:36 Imperial Age
38:00 Ballistics
41:06 Hand Cart
41:15 Conscription
40:38 Elite Longbowman
41:55 Heavy Plow
42:27 Town Watch
42:46 Bracer
43:38 Halberdier
45:20 Sappers
46:25 Hoardings
46:17 Squires
46:54 Town Patrol
jd58424
11:54 Loom
13:51 Feudal Age
18:58 Castle Age
17:16 Forging
17:48 Horse Collar
17:56 Double-Bit Axe
35:00 Imperial Age
33:53 Heavy Plow
34:35 Husbandry
34:45 Bloodlines
36:34 Chemistry
35:56 Ballistics
36:46 Citadels
36:40 Kamandaran
38:20 Crossbowman
39:06 Thumb Ring
41:25 Iron Casting
40:50 Scale Mail Armor
40:55 Scale Barding Armor
40:41 Fletching
40:51 Padded Archer Armor
40:52 Crossbowman
41:37 Thumb Ring
41:16 Light Cavalry
42:06 Bloodlines
43:35 Wheelbarrow
43:13 Bow Saw
42:56 Gold Mining
42:56 Stone Mining
44:21 Hand Cart
46:10 Bodkin Arrow
46:30 Leather Archer Armor
47:16 Blast Furnace
46:31 Chain Mail Armor
46:36 Chain Barding Armor
wm_1938
7:32 Loom
14:51 Feudal Age
21:44 Castle Age
21:17 Stone Mining
21:15 Double-Bit Axe
24:04 Scale Barding Armor
24:10 Forging
25:25 Bow Saw
27:22 Iron Casting
33:06 Husbandry
41:34 Imperial Age
39:42 Wheelbarrow
40:43 Chain Barding Armor
42:09 Cavalier
44:40 Hand Cart
44:50 Conscription
45:10 Plate Barding Armor
45:35 Blast Furnace
47:49 Light Cavalry
47:50 Paladin
大明朱元璋
7:29 Loom
14:59 Feudal Age
15:45 Double-Bit Axe
16:26 Horse Collar
22:57 Castle Age
21:43 Stone Mining
21:48 Gold Mining
26:21 Forging
27:20 Heavy Plow
33:17 Gold Shaft Mining
33:21 Bow Saw
37:47 Imperial Age
36:22 Scale Mail Armor
36:57 Iron Casting
38:19 Chieftains
38:38 Chain Mail Armor
40:13 Blast Furnace
39:36 Conscription
39:21 Elite Berserk
40:41 Crop Rotation
40:27 Gambesons
40:42 Squires
40:28 Arson
41:20 Plate Mail Armor
48:50 Two-Man Saw
ManBeArPig
12:24 Loom
14:56 Feudal Age
15:02 Man-at-Arms
22:46 Castle Age
21:56 Scale Mail Armor
23:29 Squires
22:50 Long Swordsman
23:57 Double-Bit Axe
24:42 Horse Collar
26:39 Chain Mail Armor
27:28 Wheelbarrow
40:57 Hand Cart
42:00 Bow Saw
43:09 Heavy Plow
42:50 Pikeman
44:54 Fletching
garry
12:09 Loom
14:42 Feudal Age
16:52 Double-Bit Axe
21:52 Castle Age
19:53 Stone Mining
19:54 Gold Mining
24:47 Gold Shaft Mining
24:27 Bow Saw
27:01 Horse Collar
28:24 Wheelbarrow
29:25 Squires
32:07 Scale Mail Armor
32:18 Forging
34:45 Chain Mail Armor
35:52 Iron Casting
35:05 Town Watch
35:44 Fletching
39:23 Imperial Age
38:29 Hand Cart
38:04 Arson
41:41 Conscription
40:42 Elite Samurai
43:13 Heavy Plow
43:47 Plate Mail Armor
46:23 Kataparuto
46:54 Siege Engineers
47:51 Chemistry
Shimura
13:54 Feudal Age
14:24 Loom
21:07 Fletching
22:26 Padded Archer Armor
38:12 Castle Age
43:47 Thumb Ring
43:02 Crossbowman
CleanCutts
5:41 Loom
8:38 Double-Bit Axe
16:19 Feudal Age
17:15 Bow Saw
17:33 Gold Mining
20:24 Castle Age
22:22 Two-Man Saw
22:25 Wheelbarrow
23:31 Gold Shaft Mining
28:50 Imperial Age
27:13 Cavalier
28:34 Husbandry
28:49 Forging
35:39 Paladin
38:23 Scale Barding Armor
38:07 Horse Collar
38:31 Fletching
39:20 Iron Casting
45:43 Hand Cart
Connection lost

Rejoining the realm…

Still unreachable

The connection could not be restored.

Session expired

The server has moved on; the page needs a fresh start.